 Dungeon Crawl Stone Soup version 0.31-a0-542-gdc2a67831c (webtiles) character file.

Game seed: 17806073268145315503

16 Iich the Trooper (level 2, 24/24 HPs)
             Began as a Demonspawn Fighter on Aug 15, 2023.
             Got out of the dungeon alive.
             The game lasted 00:00:18 (143 turns).

Iich the Trooper (Demonspawn Fighter)                Turns: 143, Time: 00:00:18

Health: 24/24      AC:  6    Str: 16    XL:     2   Next: 41%
Magic:  2/2        EV:  9    Int:  9    God:
Gold:   34         SH:  4    Dex: 12    Spells: 1/1 levels left

rFire   . . .        a - +0 war axe
rCold   . . .        c - +0 buckler
rNeg    . . .        b - +0 scale mail
rPois   .            (helmet restricted)
rElec   .            (no cloak)
rCorr   .            (no gloves)
SInv    .            (no boots)
Will    .....        (no amulet) Stlth
                     (no ring)
HPRegen 0.24/turn    (no ring)
MPRegen 0.08/turn

%: no passive effects
@: no status effects
A: antennae 1
a: no special abilities


You escaped.
You visited 1 branch of the dungeon, and saw 1 of its levels.

You collected 34 gold pieces.

Inventory:

Hand Weapons
 a - a +0 war axe (weapon)
Armour
 b - a +0 scale mail (worn)
 c - a +0 buckler (worn)
Potions
 d - a potion of might


   Skills:
 + Level 3.2 Fighting
 * Level 2.3 Axes
 - Level 2.6 Armour
 + Level 0.7 Dodging
 - Level 2.6 Shields


You had one spell level left.
You didn't know any spells.
Your spell library was empty.

Dungeon Overview and Level Annotations

Branches:
Dungeon (1/15)

Altars:


Innate Abilities, Weirdness & Mutations

You have a pair of small antennae on your head.


Message History

You hit the endoplasm.
You kill the endoplasm!
Your Axes skill increases to level 2!
No target in view!
You now have 34 gold pieces (gained 10).
A gnoll comes into view. It is wielding a +0 club.
The gnoll shouts!
Health restored: 18 A gnoll is nearby!
You block the gnoll's attack.
You slash the gnoll!
The gnoll is severely wounded.
The gnoll hits you with a +0 club.
You take 1 damage, and have 17/18 hp.
You hit the gnoll.
The gnoll is almost dead.
The gnoll barely misses you. The gnoll closely misses you.
You slash the gnoll!
You kill the gnoll!
You have reached level 2!
You feel monstrous as your demonic heritage exerts itself.
Your demonic ancestry asserts itself...
A pair of antennae grows on your head!
Health restored: 24; MP restored: 2 You see here a +0 club.
You see here a +0 club.
There is a stone staircase leading down here.
A giant cockroach comes into view.
You hit the giant cockroach.
The giant cockroach is heavily wounded.
The giant cockroach bites you. You block the giant cockroach's attack.
You take 1 damage, and have 23/24 hp.
You slash the giant cockroach!
You kill the giant cockroach!
Health restored: 24 No target in view!
No target in view!
You see here a flux talisman.
There is a staircase leading out of the dungeon here.
You have escaped!

#...... #......#
##.....# #.....#
#.....# #....#
##....# #8@...#
##....## # #.....#
# #.....## ##
#......## ##.
##......### ###..
#....§§§§####....
##....%§§........
#####.§.§§........#


There were no monsters in sight!

Vanquished Creatures
  A gnoll (D:1)
  2 endoplasms (D:1)
  A giant cockroach (D:1)
  A quokka (D:1)
  A frilled lizard (D:1)
6 creatures vanquished.

Notes
Turn   | Place    | Note
-------+----------+-------------------------------------------
     0 | D:1      | Iich the Demonspawn Fighter began the quest for the Orb.
     0 | D:1      | Reached XP level 1. HP: 18/18 MP: 1/1
    71 | D:1      | Discovered your monstrous ancestry.
    71 | D:1      | Gained mutation: You have a pair of small antennae on your
                  | head. [demonic ancestry]
    71 | D:1      | Reached XP level 2. HP: 24/24 MP: 2/2
   143 | D:$      | Got out of the dungeon alive.

Illustrated notes

Levels and vault maps discovered:
D:1:      heliophobic_arrival_dark_side_of_the_moon, layout_basic

Skill      XL: |  1 |
---------------+----+-----
Axes           | 2 |  2.3
Fighting       | |  3.2
Armour         | |  2.6
Dodging        | |  0.7
Shields        | |  2.6

Action                     || total
---------------------------++-------
  Melee: War axe           ||    10
 Armour: Scale mail        ||     1
  Dodge: Dodged            ||     2
  Block: Buckler           ||     2

Table legend: (Time is in decaauts)
 A = Elapsed time spent in this place.
 B = Non-inter-level travel time spent in this place.
 C = Inter-level travel time spent in this place.
 D = Time resting spent in this place.
 E = Time spent auto-exploring this place.
 F = Levels seen in this place.
 G = Mean time per level.
                   A        B        C        D        E       F      G
               +--------+--------+--------+--------+--------+-----+--------+
         Total |    147 |    108 |     39 |      0 |     75 |   1 |  147.0 |
       Dungeon |    147 |    108 |     39 |      0 |     75 |   1 |  147.0 |
               +--------+--------+--------+--------+--------+-----+--------+

Top non-repeatable levels by time:
     D:1: 147 daAuts
